 Dungeon Crawl Stone Soup version 0.30-a0-134-gb40fab5c76 (webtiles) character file.

Game seed: 6655881862250123136

20256 ytrimaz the Warrior (level 12, -2/166 HPs)
             Began as a Demonspawn Gladiator on Sept 19, 2022.
             Shot with an arrow by Nessos (9 damage)
             ... on level 13 of the Dungeon.
             The game lasted 00:18:42 (15753 turns).

ytrimaz the Warrior (Demonspawn Gladiator)         Turns: 15753, Time: 00:18:43

Health: -2/166     AC: 26    Str: 16      XL:     12   Next: 43%
Magic:  14/14      EV:  2    Int: 15 (16) God:
Gold:   693        SH:  0    Dex: 13 (14) Spells: 13/14 levels left

rFire   . . .      SeeInvis .    a - +2 war axe (spect)
rCold   . . .      Faith    .    (no shield)
rNeg    . . .      Spirit   .    (body armour currently unavailable)
rPois   +          Reflect  .    (helmet currently unavailable)
rElec   .          Harm     .    (cloak currently unavailable)
rCorr   +          Rampage  .    (gloves currently unavailable)
Will    .....      Rage     3%   (boots currently unavailable)
Stlth   +......... NoTele   +    (no amulet)
HPRegen 0.37/turn                l - ring of resist corrosion
MPRegen 0.14/turn                h - ring of wizardry

@: tree-form, attractive
A: stationary, stasis, torment immunity, boosted hp, foul stench 1, (spiny 3),
big brain 1, (demonic touch 1), berserk 1, deterioration 1, (fire resistance 1)
a: no special abilities


You were on level 13 of the Dungeon.
You were a tree.
You visited 2 branches of the dungeon, and saw 14 of its levels.
You also visited: Ossuary.

You collected 693 gold pieces.


Innate Abilities, Weirdness & Mutations

You are a tree.
Your roots penetrate the ground, keeping you stationary.
You cannot be teleported.
You are immune to unholy pain and torment.
Your maximum health is greatly increased.
Your equipment is partially melded.
You may rarely emit foul miasma when damaged in melee.
((You are completely covered in sharp spines.))
You have an unusually large brain. (Int +2)
((Your touch may inflict minor irresistible damage on your foes.))
You sometimes lose your temper in combat.
Your body sometimes deteriorates upon taking damage.
((Your flesh is heat resistant. (rF+)))


   Skills:
 - Level 16.0 Fighting
 + Level 11.9 Axes
 - Level 1.7 Throwing
 - Level 2.6 Dodging
 - Level 1.9 Spellcasting
 + Level 3.6 Conjurations


You had 13 spell levels left.
You knew the following spells:

 Your Spells              Type           Power      Damage    Failure   Level
a - Magic Dart            Conj           48%        1d5       1%          1

Your spell library contained the following spells:

 Spells                   Type           Power      Damage    Failure   Level
 Searing Ray              Conj           24%        2d5       3%          2
 Static Discharge         Conj/Air       12%        2-3/arc   6%          2
 Freeze                   Ice            4%         1d3       9%          1
 Sting                    Tmut/Pois      4%         1d3       9%          1
 Poisonous Vapours        Pois/Air       2%         N/A       14%         2
 Mephitic Cloud           Conj/Pois/Air  5%         N/A       16%         3
 Frozen Ramparts          Ice            2%         1d1       26%         3
 Gell's Gravitas          Tloc           1%         N/A       26%         3
 Ignite Poison            Fire/Tmut/Pois 1%         N/A       26%         3
 Lesser Beckoning         Tloc           1%         N/A       26%         3
 Teleport Other           Tloc           1%         N/A       26%         3
 Fulminant Prism          Conj/Hex       3%         3d6       38%         4
 Hailstorm                Conj/Ice       6%         3d4       38%         4
 Sticky Flame             Conj/Fire      6%         2d3       38%         4
 Airstrike                Air            0%         2d(1-17)  63%         4
 Olgreb's Toxic Radiance  Pois           1%         N/A       63%         4
 Passage of Golubria      Tloc           1%         N/A       63%         4
 Arcjolt                  Conj/Air       3%         1d13      71%         5
 Lightning Bolt           Conj/Air       3%         1d14      71%         5
 Silence                  Hex/Air        0%         N/A       91%         5
 Summon Forest            Summ/Tloc      0%         N/A       91%         5
 Summon Mana Viper        Hex/Summ       1%         N/A       91%         5
 Dispersal                Tloc           0%         N/A       100%        6
 Summon Cactus Giant      Summ           0%         N/A       100%        6
 Storm Form               Tmut/Air       0%         N/A       100%        7
 Lehudib's Crystal Spear  Conj/Erth      3%         10d2      100%        8
 Maxwell's Capacitive Co  Air            0%         ∞         100%        8

Inventory:

Hand Weapons
 a - a +2 spectral war axe (weapon)
Missiles
 d - 5 throwing nets
 e - a javelin
 J - 5 silver javelins
Armour
 f - a +1 pair of boots (melded)
   (You found it on level 1 of the Dungeon)
 m - a +2 buckler
   (You took it off a goblin on level 2 of the Dungeon)
 r - a +2 hat (melded)
   (You found it on level 5 of the Dungeon)
 I - +0 steam dragon scales (melded)
   (You found it on level 11 of the Dungeon)
 K - a +1 cloak (melded)
   (You found it on level 11 of the Dungeon)
 L - the +5 ring mail of Hedge Wizardry {rElec rF- Int+7 Stlth+}
   (You found it on level 11 of the Dungeon)

   Int:       It affects your intelligence (+7).
   rF:        It makes you vulnerable to fire.
   rElec:     It insulates you from electricity.
   Stlth:     It makes you more stealthy.
Jewellery
 c - a ring of protection from fire
   (You found it on level 13 of the Dungeon)
 h - a ring of wizardry (right branch)
   (You found it on level 1 of the Dungeon)
 l - a ring of resist corrosion (left branch)
   (You found it on level 1 of the Dungeon)
 t - a ring of ice
   (You found it on level 5 of the Dungeon)
 D - a ring of ice
   (You found it on level 7 of the Dungeon)
 E - a ring of see invisible
   (You found it on level 9 of the Dungeon)
Wands
 s - a wand of charming (10)
   (You found it on level 6 of the Dungeon)
 v - a wand of digging (4)
   (You found it on level 5 of the Dungeon)
 y - a wand of mindburst (14)
   (You found it on level 6 of the Dungeon)
 B - a wand of flame (18)
   (You found it on level 6 of the Dungeon)
 C - a wand of light (6)
   (You found it on level 9 of the Dungeon)
 F - a wand of iceblast (5)
   (You found it on level 9 of the Dungeon)
Scrolls
 b - 3 scrolls of identify
 j - a scroll of brand weapon
 q - 3 scrolls of blinking
 u - 4 scrolls of teleportation
 w - a scroll of magic mapping
 x - 4 scrolls of enchant armour
 z - a scroll of amnesia
 G - 2 scrolls of butterflies
Potions
 g - 3 potions of haste
 i - a potion of might
 k - 5 potions of curing
 n - a potion of resistance
 o - 3 potions of lignification
 p - 3 potions of attraction
 A - a potion of flight
Miscellaneous
 H - a phantom mirror
   (You found it on level 10 of the Dungeon)

Dungeon Overview and Level Annotations

Branches:
Dungeon (13/15) Zot: 26682  Temple (1/1) D:5 Zot: 5963    Lair (0/5) D:11
    Orc (0/2) D:12         Vaults (0/5) D:13        Ossuary (visited)

Altars:
Ashenzari
Cheibriados
Dithmenos
Fedhas
Gozag
Hepliaklqana
Kikubaaqudgha
Makhleb
Nemelex Xobeh
Okawaru
Qazlal
Ru
Sif Muna
Trog
Uskayaw
Vehumet
Wu Jian
Xom
Yredelemnul

Portals:
Trove: D:10 (give 6 potions of haste)

Annotations:
D:4 3 runed translucent doors, ThrustWizard's ghost, amateur MiHu
D:9 1 runed translucent door
D:10 exclusion: moth of wrath
D:11 3 runed translucent doors
D:12 exclusion: door
D:13 Nessos; Urug

#..#.......c...
#..#........... .
#..#.......#
..####..#.......#
........#...[...#
......#..c....#
#...#..####.#
#...#.†# .#
#.....##.# #..♣#..#
# #.....##.#
#..§...# #.....##.#
#.§c†..# #.....##.#
#(..†..# #.....##.#
#§..#..# #........#
#..§#..# #........#
#†..#..#
#...)....###...#..#
#....###.......#..#


You could see Nessos (fast).


Message History

You feel very sick. 😨 HP[-3]
You take 3 damage, and now have 38/111 hp.
You feel very sick. 😨 HP[-2]
You take 2 damage, and now have 36/111 hp.
You feel sick. 😨 HP[-2]
You take 2 damage, and now have 34/111 hp.
You feel better. 😨 HP[+5]
You regained 5 hp, and now have 39/111 hp.
Really quaff the potion of attraction?
You feel attractive to monsters.
Nessos casts a spell.
Nessos blinks!
Nessos shoots an arrow.
The arrow barely misses you. Nessos is attracted toward you.
Unknown command.
Unknown command.
Nessos shoots an arrow.
The arrow hits you!
* * * LOW HITPOINT WARNING * * *
Your body deteriorates!
You feel dopey. The arrow burns you.
You are poisoned.
* * * LOW HITPOINT WARNING * * *
Nessos is attracted toward you. 😱 HP[-15]
You take 15 damage, and now have 24/111 hp.
Unknown command.
You slash Nessos!
You touch Nessos!
Your +2 spectral war axe hits Nessos!
You feel very sick.
Nessos unwields a +1 longbow of flaming.
It stops flaming.
Nessos hits you.
* * * LOW HITPOINT WARNING * * *
Nessos barely misses you. 😱 HP[-7]
You take 7 damage, and now have 17/111 hp.
Unknown command.
Really quaff the potion of lignification?
You turn into a tree.
Your +1 cloak melds into your body.
Your +2 hat melds into your body.
Your +1 pair of boots melds into your body.
Your +0 steam dragon scales melds into your body.
Your roots penetrate the ground.
You feel very sick. Nessos hits you but does no damage.
Nessos kicks you but does no damage. Nessos hits you.
* * * LOW HITPOINT WARNING * * *
Nessos kicks you but does no damage. 😱 HP[+4]
You now have 166 max hp (+55).
You regained 4 hp, and now have 21/166 hp.
Unknown command.
You hit Nessos but do no damage.
Your +2 spectral war axe hits Nessos!!
You feel sick.
Nessos barely misses your +2 spectral war axe.
Nessos misses your +2 spectral war axe. 😱 HP[-2]
You take 2 damage, and now have 19/166 hp.
Unknown command.
You slash Nessos!
Your +2 spectral war axe hits Nessos.
You feel sick.
Nessos barely misses your +2 spectral war axe. x2 😱 HP[-1]
You take 1 damage, and now have 18/166 hp.
Unknown command.
You hit Nessos but do no damage.
Your +2 spectral war axe barely misses Nessos.
You feel sick.
Nessos gestures wildly while chanting.
Nessos seems to speed up.
Nessos hits you but does no damage.
Nessos kicks you but does no damage. 😱 HP[-2]
You take 2 damage, and now have 16/166 hp.
Unknown command.
You hit Nessos but do no damage. You punch Nessos, but do no damage.
Your +2 spectral war axe hits Nessos.
You feel sick. Nessos hits you but does no damage.
Nessos kicks you but does no damage.
Nessos gestures wildly while chanting.
Nessos blinks!
Nessos is attracted toward you. 😱 HP[-1]
You take 1 damage, and now have 15/166 hp.
Unknown command.
Unknown command.
You feel sick.
Nessos wields a +1 longbow of flaming.
It bursts into flame!
Nessos shoots an arrow.
The arrow hits you!
* * * LOW HITPOINT WARNING * * *
The arrow burns you.
* * * LOW HITPOINT WARNING * * *
Nessos casts a spell.
Nessos blinks!
Nessos is attracted toward you. 😱 HP[-9]
You take 9 damage, and now have 6/166 hp.
Unknown command.
Unknown command.
You feel better.
Nessos shoots an arrow.
The arrow hits you.
* * * LOW HITPOINT WARNING * * *
The arrow burns you.
* * * LOW HITPOINT WARNING * * *
Nessos shoots an arrow.
The arrow hits you!
You die...

Skill      XL: |  1  2  3  4  5  6  7  8  9 10 11 12 |
---------------+-------------------------------------+-----
Fighting       | 3 4 5 6 7 9 11 13 15 16 | 16.0
Spellcasting   | 1 |  1.9
Axes           | 3 4 5 6 7 9 10 11 | 11.9
Conjurations   | 3 |  3.6
Throwing       | |  1.7
Dodging        | |  2.6

Action                   |  1- 3 |  4- 6 |  7- 9 | 10-12 || total
-------------------------+-------+-------+-------+-------++-------
Melee: War axe           |    96 |    87 |   137 |   236 ||   556
       Touch             |       |    17 |    20 |    44 ||    81
       Punch             |       |     1 |     4 |     8 ||    13
 Cast: Magic Dart        |       |       |     2 |     1 ||     3
  Use: Scroll            |     6 |     7 |     6 |     3 ||    22
       Potion            |       |       |     5 |     6 ||    11
 Stab: Sleeping          |       |     1 |       |       ||     1
       Distracted        |       |     1 |       |     4 ||     5
Armor: Leather armour    |    42 |    21 |    32 |    40 ||   135
       Skin              |       |       |       |    13 ||    13
       Ring mail         |       |       |       |    13 ||    13
       Steam dragon scal |       |       |       |    13 ||    13
Dodge: Dodged            |    96 |    47 |    76 |   135 ||   354

Levels and vault maps discovered:
D:1:      dpeg_arrival_caged_fury, layout_basic,
          chequers_ecumenical_altar_simple, minmay_tetromino_l4
D:2:      layout_loops_ring, serial_aquarium, aquarium_bridge_square
          [aquarium_subvault_bridge, aquarium_subvault_bridge,
          aquarium_subvault_bridge, aquarium_subvault_bridge],
          aquarium_window_1, aquarium_window_corridor_2, aquarium_view_2f,
          aquarium_pool_five
D:3:      layout_loops_ring, mainiacjoe_overflow_paths, tgw_kikubaaqudgha,
          mainiacjoe_overflow_cross_hatched, hangedman_decor_opposing
D:4:      layout_loops_ring, nicolae_yredelemnul_ghost_church
D:5:      layout_basic, minmay_temple_entry_gardened_gates, enter_ossuary_2
D:6:      layout_layer_cave, nicolae_ru_sacrificial_ziggurat,
          mainiacjoe_overflow_small_starburst, nrook_uturn,
          hangedman_decor_riveting, grunt_ministairs_6
D:7:      layout_gridville, lemuel_coloured_pillars_altar,
          mainiacjoe_overflow_six_doors_small, mainiacjoe_overflow_brackets,
          kennysheep_cluttered_room, minmay_misc_feat_enclosed, uniq_joseph
D:8:      layout_gridville, nicolae_tso_besieged_by_evil
D:9:      minmay_gate_of_8, layout_loops_cross, elyvilon_altar_5,
          eino_house_with_fridge, uniq_erica
D:10:     layout_basic, mainiacjoe_overflow_24_doors, tgw_trog,
          pdpol_temple_overflow_zin_treasury_gozag_greed, enter_trove_5,
          reono_crystal_passage
D:11:     layout_rooms, due_lair_maze_entry_diamond,
          ploomutoo_gammafunk_ghost_potion_laboratory, serial_bayou_pond_c,
          hangedman_misty_isle
D:12:     layout_loops_ring, david_orc_2, grunt_ministairs_1,
          minmay_misc_feat_square, chequers_serial_rivers_micro_b,
          kennysheep_another_room, hangedman_incinerator
D:13:     minmay_curly_fans, layout_long_grid, david_vaults_3
Temple:   hellmonk_temple_divided_pantheon

Notes
Turn   | Place    | Note
-------+----------+-------------------------------------------
     0 | D:1      | ytrimaz the Demonspawn Gladiator began the quest for the
                  | Orb.
     0 | D:1      | Reached XP level 1. HP: 16/16 MP: 1/1
     0 | D:1      | magus.rc [v1.9.6]
     1 | D:1      | Found a runed translucent door.
     1 | D:1      | Noticed a jelly
   169 | D:1      | You add the spells Ignite Poison and Sticky Flame to your
                  | library.
   174 | D:1      | You pick up a book of Displacement and begin reading...
   174 | D:1      | You add the spells Lesser Beckoning, Gell's Gravitas and
                  | Teleport Other to your library.
   190 | D:1      | Gained mutation: You have an unusually large brain. (Int
                  | +2) [demonic ancestry]
   190 | D:1      | Reached XP level 2. HP: 16/23 MP: 2/2
   450 | D:1      | Reached skill level 3 in Fighting
   602 | D:1      | Reached XP level 3. HP: 19/29 MP: 3/3
   849 | D:1      | Found a faded altar of an unknown god.
  1258 | D:1      | Reached skill level 1 in Spellcasting
  1258 | D:1      | Gained mutation: Your touch may inflict minor irresistible
                  | damage on your foes. [demonic ancestry]
  1258 | D:1      | Reached XP level 4. HP: 28/37 MP: 4/6
  1269 | D:1      | Reached skill level 4 in Fighting
  1695 | D:2      | You pick up a book of Conjurations and begin reading...
  1695 | D:2      | You add the spells Magic Dart, Searing Ray and Fulminant
                  | Prism to your library.
  1963 | D:2      | Identified the +4 chain mail "Iraeph" {Will+ Str-5 Dex+6
                  | SInv}
  2257 | D:3      | Found a shimmering altar of Xom.
  2281 | D:3      | Found a shimmering blue altar of Sif Muna.
  2623 | D:3      | Gained mutation: You may rarely emit foul miasma when
                  | damaged in melee. [demonic ancestry]
  2623 | D:3      | Reached XP level 5. HP: 43/43 MP: 7/7
  2633 | D:3      | Reached skill level 3 in Axes
  2647 | D:3      | Found an ancient bone altar of Kikubaaqudgha.
  2648 | D:3      | Noticed a human
  2650 | D:3      | Killed a human
  3031 | D:4      | Found a runed translucent gate.
  3031 | D:4      | Found a runed translucent gate.
  3031 | D:4      | Found a runed translucent gate.
  3031 | D:4      | Noticed ThrustWizard's ghost (amateur MiHu)
  3033 | D:4      | Found a basalt altar of Yredelemnul.
  3048 | D:4      | Reached skill level 5 in Fighting
  3287 | D:4      | Reached XP level 6. HP: 51/51 MP: 8/8
  3880 | D:5      | Entered Level 5 of the Dungeon
  3885 | D:5      | Reached skill level 6 in Fighting
  3905 | D:5      | Reached skill level 4 in Axes
  3907 | D:5      | Gained mutation: You are partially covered in sharp spines.
                  | [demonic ancestry]
  3907 | D:5      | Reached XP level 7. HP: 50/59 MP: 9/9
  4134 | D:5      | Reached skill level 7 in Fighting
  4194 | D:5      | You pick up a book of Lightning and begin reading...
  4194 | D:5      | You add the spells Static Discharge, Lightning Bolt,
                  | Arcjolt and Maxwell's Capacitive Coupling to your library.
  4196 | D:5      | You fall into a shaft and drop 3 floors!
  4221 | D:7      | Reached skill level 5 in Axes
  4221 | D:7      | Gained mutation: You are mostly covered in sharp spines.
                  | [demonic ancestry]
  4221 | D:7      | Reached XP level 8. HP: 34/68 MP: 10/10
  4224 | D:7      | Reached skill level 8 in Fighting
  4224 | D:7      | HP: 17/68 [poisoned by a water moccasin]
  4229 | D:7      | HP: 12/68 [poisoned by a water moccasin]
  4269 | D:7      | Gained mutation: You are clumsy. (Dex -2) [potion of
                  | mutation]
  4269 | D:7      | Gained mutation: You are vulnerable to heat. (rF-) [potion
                  | of mutation]
  4269 | D:7      | Gained mutation: You expend magic power (3 MP) to
                  | strengthen your wands. [potion of mutation]
  4563 | D:5      | Found a staircase to the Ecumenical Temple.
  4614 | D:5      | Found a sand-covered staircase.
  4619 | Ossuary  | Entered an ossuary
  4621 | Ossuary  | Lost mutation: You expend magic power (3 MP) to strengthen
                  | your wands. [potion of mutation]
  4621 | Ossuary  | Lost mutation: You are clumsy. (Dex -2) [potion of
                  | mutation]
  4621 | Ossuary  | Lost mutation: You are vulnerable to heat. (rF-) [potion of
                  | mutation]
  4621 | Ossuary  | Gained mutation: You sometimes lose your temper in combat.
                  | [potion of mutation]
  4621 | Ossuary  | Gained mutation: Your body sometimes deteriorates upon
                  | taking damage. [potion of mutation]
  4621 | Ossuary  | Gained mutation: Your flesh is heat resistant. (rF+)
                  | [potion of mutation]
  4700 | Ossuary  | Learned a level 1 spell: Magic Dart
  4724 | Ossuary  | Reached skill level 9 in Fighting
  5086 | Temple   | Entered the Ecumenical Temple
  5086 | Temple   | Found a transporter.
  5086 | Temple   | Found a transporter.
  5088 | Temple   | Found a transporter.
  5088 | Temple   | Found a transporter.
  5205 | D:6      | Found a sacrificial altar of Ru.
  5717 | D:6      | Found a sparkling altar of Nemelex Xobeh.
  5845 | D:6      | Reached skill level 6 in Axes
  6495 | D:7      | Found a hide-covered altar of Uskayaw.
  6782 | D:7      | Gained mutation: You are completely covered in sharp
                  | spines. [demonic ancestry]
  6782 | D:7      | Reached XP level 9. HP: 69/78 MP: 11/11
  6785 | D:7      | Reached skill level 10 in Fighting
  7292 | D:7      | Noticed Joseph
  7303 | D:7      | Killed Joseph
  7304 | D:7      | Reached skill level 7 in Axes
  7507 | D:7      | Found an iron altar of Okawaru.
  7541 | D:7      | Found a radiant altar of Vehumet.
  7836 | D:8      | Reached skill level 11 in Fighting
  8841 | D:8      | You add the spells Mephitic Cloud, Airstrike and Storm Form
                  | to your library.
  8841 | D:8      | Got Sif Muna's Codex of the Welkin
  8978 | D:8      | Reached XP level 10. HP: 89/89 MP: 12/12
  8980 | D:8      | Reached skill level 12 in Fighting
  9187 | D:9      | Noticed an orc knight
  9187 | D:9      | Noticed a deep elf pyromancer
  9187 | D:9      | Noticed a manticore
  9188 | D:9      | Found a runed translucent door.
  9190 | D:9      | Identified the +2 dagger "Goteahim" {speed, rC+ rN+ rCorr
                  | Dex+4}
  9190 | D:9      | Noticed a centaur warrior
  9190 | D:9      | Noticed a flayed ghost
  9190 | D:9      | Noticed a manticore
  9190 | D:9      | Noticed a centaur warrior
  9543 | D:9      | Noticed a necromancer
  9553 | D:9      | Reached skill level 8 in Axes
  9554 | D:9      | Killed a necromancer
 10011 | D:9      | Noticed Erica
 10030 | D:9      | Killed Erica
 10031 | D:9      | Reached skill level 13 in Fighting
 10298 | D:9      | You add the spells Sting, Poisonous Vapours and Olgreb's
                  | Toxic Radiance to your library.
 10432 | D:9      | You pick up a book of the Moon and begin reading...
 10432 | D:9      | You add the spells Passage of Golubria, Silence and
                  | Lehudib's Crystal Spear to your library.
 10580 | D:10     | Entered Level 10 of the Dungeon
 10775 | D:10     | Reached skill level 9 in Axes
 11088 | D:10     | Found a snail-covered altar of Cheibriados.
 11114 | D:10     | Reached XP level 11. HP: 89/99 MP: 13/13
 11167 | D:10     | Found a portal to a secret trove of treasure.
 11167 | D:10     | Noticed a vault guard
 11172 | D:10     | Killed a vault guard
 11173 | D:10     | Reached skill level 14 in Fighting
 11178 | D:10     | This trove needs 6 potions of haste to function. Give it
                  | the items?
 11687 | D:10     | Found a bloodstained altar of Trog.
 11791 | D:10     | Found an opulent altar of Gozag.
 11898 | D:10     | Noticed a two-headed ogre
 11905 | D:10     | Killed a two-headed ogre
 12148 | D:11     | Found a runed translucent gate.
 12149 | D:11     | Found a runed translucent gate.
 12149 | D:11     | Found a runed translucent gate.
 12149 | D:11     | Noticed a red ugly thing
 12149 | D:11     | Noticed a cyan ugly thing
 12151 | D:11     | Noticed a white ugly thing
 12153 | D:11     | Found a staircase to the Lair.
 12162 | D:11     | Noticed a brown ugly thing
 12163 | D:11     | a redback changed into a two-headed ogre
 12163 | D:11     | Noticed a two-headed ogre (glowing shapeshifter)
 12705 | D:11     | Noticed a brown ugly thing
 12706 | D:11     | Noticed a brown ugly thing
 12708 | D:11     | a manticore changed into a fire crab
 12708 | D:11     | Noticed a fire crab (glowing shapeshifter)
 12709 | D:11     | Noticed a glowing orange brain
 12716 | D:11     | a fire crab changed into a cane toad
 12736 | D:11     | Noticed a two-headed ogre
 12745 | D:11     | Killed a two-headed ogre
 12746 | D:11     | Reached skill level 10 in Axes
 12746 | D:11     | a yak changed into a harpy
 12746 | D:11     | Noticed a harpy (glowing shapeshifter)
 12748 | D:11     | a harpy changed into a guardian serpent
 12750 | D:11     | a guardian serpent changed into a lindwurm
 12750 | D:11     | Noticed a lindwurm (glowing shapeshifter)
 12758 | D:11     | a lindwurm changed into a mana viper
 12758 | D:11     | Noticed a mana viper (glowing shapeshifter)
 12758 | D:11     | Noticed a two-headed ogre
 12764 | D:11     | Killed a two-headed ogre
 12765 | D:11     | Reached skill level 15 in Fighting
 12767 | D:11     | HP: 18/102 [manticore (10)]
 12805 | D:11     | Noticed a glowing shapeshifter
 12805 | D:11     | a glowing shapeshifter changed into an orb spider
 12805 | D:11     | Noticed an orb spider (glowing shapeshifter)
 12806 | D:11     | an orb spider changed into a glowing shapeshifter
 12806 | D:11     | Noticed a glowing shapeshifter (glowing shapeshifter)
 12807 | D:11     | a glowing shapeshifter changed into a moth of wrath
 12814 | D:11     | a dream sheep changed into a fire crab
 12814 | D:11     | Noticed a fire crab (glowing shapeshifter)
 12815 | D:11     | a fire crab changed into a cane toad
 12818 | D:11     | You pick up a book of Frost and begin reading...
 12818 | D:11     | You add the spells Freeze, Frozen Ramparts and Hailstorm to
                  | your library.
 13816 | D:11     | Identified the +5 ring mail of Hedge Wizardry {rElec rF-
                  | Int+7 Stlth+}
 14026 | D:12     | Noticed a two-headed ogre
 14032 | D:12     | Killed a two-headed ogre
 14284 | D:12     | Found a staircase to the Orcish Mines.
 14368 | D:12     | Noticed a purple ugly thing
 14375 | D:12     | Killed a purple ugly thing
 14378 | D:12     | Reached XP level 12. HP: 79/111 MP: 14/14
 14541 | D:12     | Reached skill level 16 in Fighting
 14641 | D:12     | Noticed a boulder beetle
 14650 | D:12     | HP: 23/111 [wraith (6)]
 14653 | D:12     | Killed a boulder beetle
 14654 | D:12     | Reached skill level 11 in Axes
 15062 | D:12     | You pick up a book of the Wilderness and begin reading...
 15062 | D:12     | You add the spells Summon Forest, Summon Mana Viper and
                  | Summon Cactus Giant to your library.
 15438 | D:13     | Noticed Nessos
 15438 | D:13     | Noticed a two-headed ogre
 15438 | D:13     | Noticed Urug
 15438 | D:13     | Found a gate to the Vaults.
 15515 | D:13     | Noticed a centaur warrior
 15521 | D:13     | Reached skill level 1 in Conjurations
 15523 | D:13     | Killed a centaur warrior
 15524 | D:13     | Reached skill level 2 in Conjurations
 15697 | D:13     | Reached skill level 3 in Conjurations
 15745 | D:13     | HP: 26/111 [Nessos/arrow (14)]
 15750 | D:13     | HP: 16/166 [poisoned by Nessos]
 15752 | D:13     | HP: 7/166 [Nessos/arrow (7)]
 15753 | D:13     | Shot with an arrow by Nessos

Vanquished Creatures
  A vault guard (D:10)
  A centaur warrior (D:13)
  A boulder beetle (D:12)
  4 two-headed ogres
  Erica (D:9)
  A necromancer (D:9)
  3 ugly things
  2 cyclopes
  2 manticores (D:11)
  Joseph (D:7)
  A gargoyle (D:12)
  2 kobold demonologists
  An unseen horror (D:12)
  A troll (D:10)
  2 wraiths (D:12)
  2 shadows
  2 wyverns
  4 fire bats (D:12)
  15 yaks
  2 steam dragons (D:11)
  8 humans (D:13)
  4 vampire mosquitoes (D:13)
  An acid dragon (D:9)
  2 water moccasins (D:7)
  9 orc warriors
  An ice beast (D:5)
  4 sky beasts
  4 black bears
  2 centaurs
  An ogre (D:4)
  A phantom (D:5)
  2 kobold brigands (D:8)
  2 necrophages
  4 bullfrogs
  A scorpion (D:5)
  5 water moccasin zombies
  2 gnoll sergeants
  15 wights (D:8)
  5 howler monkeys
  4 jellies
  4 hounds
  5 orc priests
  An iron imp (D:8)
  2 iguanas
  14 orc wizards
  2 polar bear simulacra (D:9)
  2 yak simulacra (D:9)
  2 wolf simulacra (D:9)
  A hound zombie (D:4)
  2 mummies (Ossuary)
  9 gnolls
  3 adders
  An ufetubus (D:7)
  2 adder zombies (Ossuary)
  3 worms
  4 dart slugs
  55 orcs
  12 ball pythons
  8 endoplasms
  4 giant cockroaches
  2 gnoll zombies (Ossuary)
  6 goblins
  7 hobgoblins
  9 jackals
  4 quokkas
  6 bats
  8 frilled lizards
  4 goblin skeletons (D:8)
  11 hobgoblin zombies
  18 kobolds
  3 kobold zombies
  An orc skeleton (D:8)
  5 orc zombies
  14 rats
  5 river rat simulacra (D:9)
365 creatures vanquished.

Vanquished Creatures (others)
  A human (D:3)
  An orc wizard (D:9)
  A fire vortex (D:12)
  21 fungi (D:11)
  41 plants
65 creatures vanquished.

Grand Total: 430 creatures vanquished

Table legend:
 A = Non-vault XP
 B = Vault XP
 C = Vault XP percentage of total XP
 D = Non-vault monster count
 E = Vault monster count
 F = Vault count percentage of total count
                 A         B        C        D         E       F
            +---------+---------+-------+---------+---------+-------
      Total |   19674 |    9264 |  32.0 |     251 |     115 |  31.4
            +---------+---------+-------+---------+---------+-------
        D:1 |      57 |      75 |  56.8 |      32 |      20 |  38.5
        D:2 |      49 |       0 |   0.0 |      20 |       0 |   0.0
        D:3 |      35 |       0 |   0.0 |      16 |       0 |   0.0
        D:4 |     284 |     104 |  26.8 |      13 |       2 |  13.3
        D:5 |     701 |       0 |   0.0 |      13 |       0 |   0.0
        D:6 |     257 |      46 |  15.2 |       8 |       2 |  20.0
        D:7 |    1515 |     423 |  21.8 |      35 |       1 |   2.8
        D:8 |    1744 |      52 |   2.9 |      38 |      13 |  25.5
        D:9 |    1697 |    1602 |  48.6 |      25 |      13 |  34.2
       D:10 |    3355 |    1734 |  34.1 |      19 |      11 |  36.7
       D:11 |    4240 |    1308 |  23.6 |      14 |      10 |  41.7
       D:12 |    3588 |    1975 |  35.5 |      12 |      13 |  52.0
       D:13 |    2152 |    1563 |  42.1 |       6 |       8 |  57.1
    Ossuary |       0 |     382 | 100.0 |       0 |      22 | 100.0
            +---------+---------+-------+---------+---------+-------

Illustrated notes

Table legend:
 A = Kills in this place as a percentage of kills in entire the game.
 B = Kills by you in this place as a percentage of kills by you in the entire game.
 C = Kills by friends in this place as a percentage of kills by friends in the entire game.
 D = Other kills in this place as a percentage of other kills in the entire game.
 E = Experience gained in this place as a percentage of experience gained in the entire game.
 F = Experience gained in this place divided by the number of levels of this place that you have seen.
                   A       B       C       D       E      F
               +-------+-------+-------+-------+-------+----------------------
         Total | 100.0 | 100.0 |   N/A | 100.0 | 100.0 | 1929.2
       Dungeon |  94.0 |  94.0 |   N/A | 100.0 |  98.7 | 2196.6
       Ossuary |   6.0 |   6.0 |   N/A |   0.0 |   1.3 | 382.0
               +-------+-------+-------+-------+-------+----------------------

Table legend: (Time is in decaauts)
 A = Elapsed time spent in this place.
 B = Non-inter-level travel time spent in this place.
 C = Inter-level travel time spent in this place.
 D = Time resting spent in this place.
 E = Time spent auto-exploring this place.
 F = Levels seen in this place.
 G = Mean time per level.
                   A        B        C        D        E       F      G
               +--------+--------+--------+--------+--------+-----+--------+
         Total |  15969 |  15432 |    537 |   1240 |  12037 |  15 | 1064.6 |
       Dungeon |  15690 |  15170 |    520 |   1142 |  11983 |  13 | 1206.9 |
        Temple |     36 |     19 |     17 |      0 |      8 |   1 |   36.0 |
       Ossuary |    243 |    243 |      0 |     98 |     46 |   1 |  243.0 |
               +--------+--------+--------+--------+--------+-----+--------+

Top non-repeatable levels by time:
    D:10: 2372 daAuts
    D:12: 1573 daAuts
     D:6: 1559 daAuts
     D:9: 1488 daAuts
     D:1: 1419 daAuts
     D:7: 1404 daAuts
     D:8: 1401 daAuts
    D:11: 1009 daAuts
     D:4: 954 daAuts
     D:2: 822 daAuts
     D:3: 744 daAuts
     D:5: 691 daAuts
    D:13: 250 daAuts
 Ossuary: 243 daAuts
  Temple: 36 daAuts
